 Dungeon Crawl Stone Soup version 0.30.0-20-g3615ddf2f0 (webtiles) character file.

Game seed: 13446541524636707394

983 qw the Chopper (level 8, -13/49 HPs)
             Began as a Gargoyle Fighter on May 31, 2023.
             Killed from afar by Dowan (17 damage)
             ... with a shard of ice
             ... on level 5 of the Dungeon.
             The game lasted 00:02:06 (4308 turns).

qw the Chopper (Gargoyle Fighter)                   Turns: 4308, Time: 00:02:07

Health: -13/49     AC: 22    Str: 22    XL:     8   Next: 17%
Magic:  8/8        EV:  9    Int:  9    God:
Gold:   198        SH:  4    Dex:  9    Spells: 7/7 levels left

rFire   . . .        Y - +0 war axe (protect)
rCold   . . .        c - +0 buckler
rNeg    + . .        b - +0 scale mail
rPois   inf          a - +0 helmet
rElec   +            r - +0 cloak
rCorr   .            f - +0 pair of gloves
SInv    .            (no boots)
Will    .....        n - amulet of faith Stlth
                     (no ring)
HPRegen 0.28/turn    (no ring)
MPRegen 0.11/turn

%: faith
@: lit by a corona, about to teleport, under a protective aura, glowing
A: sickness immunity, AC +5, negative energy resistance 1, electricity
resistance, torment resistance 1, petrification resistance
a: no special abilities


You were on level 5 of the Dungeon.
You visited 1 branch of the dungeon, and saw 5 of its levels.

You collected 198 gold pieces.


Innate Abilities, Weirdness & Mutations

You are immune to sickness and miasma.
Your stone body is resilient. (AC +5)
You are immune to poison.
You resist negative energy. (rN+)
You are resistant to electric shocks. (rElec)
You are resistant to unholy torment.
You are immune to petrification.


   Skills:
 - Level 5.1 Fighting
 + Level 7.6 Axes
 - Level 1.4 Throwing
 - Level 3.2 Armour
 - Level 1.0 Dodging
 - Level 3.2 Shields


You had 7 spell levels left.
You didn't know any spells.
Your spell library was empty.

Inventory:

Hand Weapons
 p - a +0 flail
 Y - a +0 war axe of protection (weapon)
Missiles
 s - 3 boomerangs (quivered)
Armour
 a - a +0 helmet (worn)
 b - a +0 scale mail (worn)
 c - a +0 buckler (worn)
 f - a +0 pair of gloves (worn)
 r - a +0 cloak (worn)
Jewellery
 n - an amulet of faith (around neck)
 o - a ring of flight
Scrolls
 i - a scroll of immolation {unknown}
 k - 6 scrolls of teleportation
Potions
 d - a potion of might
 e - a potion of resistance
 g - a potion of cancellation {unknown}
 h - a potion of ambrosia {unknown}
 j - a potion of lignification
 l - a potion of heal wounds {unknown}
 m - a potion of mutation {unknown}

Dungeon Overview and Level Annotations

Branches:
Dungeon (5/15)
 Temple: D:4-7

Altars:
Fedhas
Yredelemnul

Annotations:
D:5 Dowan


Message History

Enter note:
Enter note:
Enter note:
Enter note:
Enter note:
Enter note:
Enter note:
Enter note:
Enter note:
Enter note:
Enter note:
Enter note: You hit Dowan.
Your weapon exudes an aura of protection.
Dowan is almost dead.
Dowan hits you but does no damage.
You barely miss Dowan.
Dowan is almost dead.
Dowan completely misses you. Dowan hits you with a +0 dagger.
A gnoll comes into view. It is wielding a +0 club.
You barely miss Dowan.
Dowan is almost dead.
Dowan hits you but does no damage.
Dowan mumbles some strange words.
Dowan blinks!
You hit the iguana.
The iguana is lightly wounded.
The iguana closely misses you.
Dowan points at you and mumbles some strange words.
The shard of ice hits you!!
4307 ||| READING 7 scrolls of teleportation.
As you read the scroll of teleportation, it crumbles to dust.
You feel strangely unstable.
The iguana hisses menacingly.
The iguana bites you but does no damage.
You closely miss the iguana.
The iguana is lightly wounded.
Dowan points at you and mumbles some strange words.
The shard of ice hits you!
You die...

..)..##### .....# .# ......#..#
.....# '.##........# .....#
#.#........# .....# #....g..e.##
## #.. .....# #..........#
##.##.... #....# #..........#
#........
##.#.#######..........###........
#...............@l.....##........
.........>.............#.........
.......................#.........
###...........>.....).....%......
# #########...............:......
..#^. #..............#.###..#
[.#.# ##....)........####....
.##.# #..........#....##.....
.##.# ##.....................


You could see Dowan (fast), an iguana and a gnoll.

Vanquished Creatures
  Duvessa (D:5)
  2 black bears (D:4)
  A phantom (D:3)
  A scorpion (D:5)
  2 howler monkeys
  2 jellies (D:5)
  A hound (D:4)
  Jessica (D:2)
  5 iguanas
  Terence (D:2)
  Robin (D:2)
  10 adders
  A white imp (D:5)
  4 ufetubi
  2 worms
  A dart slug (D:1)
  2 orcs
  5 endoplasms
  3 giant cockroaches
  14 goblins
  10 hobgoblins
  9 jackals
  4 quokkas
  8 ball pythons
  6 bats
  A frilled lizard (D:1)
  7 kobolds
  5 rats
110 creatures vanquished.

Notes
Turn   | Place    | Note
-------+----------+-------------------------------------------
     0 | D:1      | qw the Gargoyle Fighter began the quest for the Orb.
     0 | D:1      | Reached XP level 1. HP: 14/14 MP: 1/1
     0 | D:1      | 0 ||| qw: Version: 0.2-a-102-gfc559e5
     0 | D:1      | 0 ||| qw: Game counter: 520
     0 | D:1      | 0 ||| qw: Always use a shield: true
     0 | D:1      | 0 ||| qw: God list: Okawaru
     0 | D:1      | 0 ||| qw: Allow faded altars: false
     0 | D:1      | 0 ||| qw: Do Orc after D:15 true
     0 | D:1      | 0 ||| qw: Do second Lair branch before Depths: true
     0 | D:1      | 0 ||| qw: Lair rune preference: random
     0 | D:1      | 0 ||| qw: Plans: Normal, Zot:1-4, Slime:5, God:TSO, Crypt,
                  | Tomb, Pan, Hells, Abyss, Win
     0 | D:1      | 0 ||| PLANNING D:1-11
    38 | D:1      | Reached skill level 2 in Axes
    98 | D:1      | 98 ||| Stepping ~*~*~tactically~*~*~ (stealth).
   117 | D:1      | Reached XP level 2. HP: 19/19 MP: 2/2
   121 | D:1      | Found a faded altar of an unknown god.
   182 | D:1      | 182 ||| DROPPING +0 club.
   258 | D:1      | 258 ||| Stepping ~*~*~tactically~*~*~ (stealth).
   268 | D:1      | Reached skill level 3 in Axes
   291 | D:1      | Reached XP level 3. HP: 23/23 MP: 3/3
   463 | D:1      | 463 ||| Stepping ~*~*~tactically~*~*~ (hiding).
   761 | D:1      | 761 ||| UPGRADING to +0 pair of gloves.
   766 | D:1      | 766 ||| READING scroll labelled UZYUNO LAT FEM.
   767 | D:1      | 767 ||| READING scroll labelled GAANEWI FUEFOPH.
   783 | D:1      | 783 ||| READING scroll labelled QYFUJY CUSKIBB.
   829 | D:2      | Noticed Robin
   850 | D:2      | Killed Robin
   854 | D:2      | Reached XP level 4. HP: 20/28 MP: 4/4
   996 | D:2      | 996 ||| Stepping ~*~*~tactically~*~*~ (hiding).
  1121 | D:2      | Reached skill level 4 in Axes
  1179 | D:2      | Noticed Terence
  1187 | D:2      | Killed Terence
  1281 | D:2      | Reached XP level 5. HP: 31/32 MP: 5/5
  1649 | D:2      | 1649 ||| Stepping ~*~*~tactically~*~*~ (stealth).
  1753 | D:2      | You fall into a shaft and drop 2 floors!
  1765 | D:4      | 1765 ||| UPGRADING to +0 helmet.
  1779 | D:4      | Reached skill level 5 in Axes
  1860 | D:4      | 1860 ||| READING scroll labelled LITEVVIGHIM.
  1861 | D:4      | 1861 ||| DRINKING 2 fizzy brown potions.
  1862 | D:4      | 1862 ||| DRINKING 2 fuming emerald potions.
  1951 | D:3      | Noticed a phantom
  1984 | D:3      | Killed a phantom
  1985 | D:3      | Reached XP level 6. HP: 26/39 MP: 6/6
  2323 | D:2      | Noticed Jessica
  2327 | D:2      | Killed Jessica
  2328 | D:2      | Reached skill level 1 in Dodging
  3037 | D:3      | 3037 ||| Stepping ~*~*~tactically~*~*~ (hiding).
  3038 | D:3      | 3038 ||| Stepping ~*~*~tactically~*~*~ (hiding).
  3336 | D:3      | 3336 ||| UPGRADING to amulet of faith.
  3341 | D:3      | 3341 ||| READING scroll labelled DUELOL KARETS.
  3342 | D:3      | 3342 ||| READING scroll labelled KYJURAV MIKH.
  3434 | D:4      | Noticed a black bear
  3446 | D:4      | Killed a black bear
  3447 | D:4      | Reached skill level 6 in Axes
  3447 | D:4      | Reached XP level 7. HP: 23/44 MP: 7/7
  3763 | D:4      | Identified the +4 leather armour of the Land of Plenty
                  | {Int+4 Dex+3}
  3790 | D:4      | 3790 ||| Stepping ~*~*~tactically~*~*~ (stealth).
  3791 | D:4      | 3791 ||| Stepping ~*~*~tactically~*~*~ (stealth).
  3979 | D:4      | 3979 ||| UPGRADING to +0 cloak.
  3984 | D:4      | 3984 ||| DROPPING +4 leather armour of the Land of Plenty
                  | {Int+4 Dex+3}.
  3985 | D:4      | 3985 ||| READING scroll labelled EHIFUV MAMA.
  3986 | D:4      | 3986 ||| READING scroll labelled JIODUDD TOTSA.
  3987 | D:4      | 3987 ||| DRINKING 2 red potions.
  3988 | D:4      | 3988 ||| DROPPING potion of flight.
  4006 | D:5      | Entered Level 5 of the Dungeon
  4025 | D:5      | 4025 ||| DROPPING +0 whip.
  4051 | D:5      | Reached skill level 7 in Axes
  4153 | D:5      | Found a basalt altar of Yredelemnul.
  4170 | D:5      | Found a blossoming altar of Fedhas.
  4245 | D:5      | Reached skill level 1 in Throwing
  4257 | D:5      | 4257 ||| Stepping ~*~*~tactically~*~*~ (stealth).
  4260 | D:5      | 4260 ||| Stepping ~*~*~tactically~*~*~ (stealth).
  4265 | D:5      | Reached XP level 8. HP: 49/49 MP: 8/8
  4283 | D:5      | Noticed Duvessa
  4283 | D:5      | Noticed Dowan
  4293 | D:5      | Killed Duvessa
  4306 | D:5      | HP: 3/49 [Dowan/shard of ice (24)]
  4307 | D:5      | 4307 ||| READING 7 scrolls of teleportation.
  4308 | D:5      | Killed from afar by Dowan

Levels and vault maps discovered:
D:1:      dpeg_arrival_brainrot, layout_basic,
          hellmonk_ecumenical_altar_prayer_group, minmay_misc_feat_room
D:2:      layout_basic, minmay_snake_closets, uniq_robin, uniq_jessica,
          uniq_terence
D:3:      layout_basic
D:4:      layout_basic, kennysheep_minor_cross
D:5:      dreamdust_elfheim, layout_cave_pools, nicolae_overflow_hidden_temple,
          minmay_misc_feat_columns, corner_web_ring, uniq_duvessa

Skill      XL: |  1  2  3  4  5  6  7 |
---------------+----------------------+-----
Axes           | 2 3 4 5 6 7 |  7.6
Fighting       | 4 5 |  5.1
Dodging        | 1 |  1.0
Throwing       | 1 |  1.4
Armour         | |  3.2
Shields        | |  3.2

Action                     |  1- 3 |  4- 6 |  7- 9 || total
---------------------------+-------+-------+-------++-------
  Melee: War axe           |   102 |   177 |    76 ||   355
  Throw: Boomerang         |       |     3 |    20 ||    23
    Use: Scroll            |     3 |     3 |     3 ||     9
         Potion            |       |     2 |     1 ||     3
 Armour: Scale mail        |    79 |    93 |    50 ||   222
  Dodge: Dodged            |    55 |    63 |    36 ||   154
  Block: Buckler           |    31 |    36 |    15 ||    82

Table legend:
 A = Non-vault XP
 B = Vault XP
 C = Vault XP percentage of total XP
 D = Non-vault monster count
 E = Vault monster count
 F = Vault count percentage of total count
                 A         B        C        D         E       F
            +---------+---------+-------+---------+---------+-------
      Total |    1072 |     333 |  23.7 |      80 |      30 |  27.3
            +---------+---------+-------+---------+---------+-------
        D:1 |      40 |       8 |  16.7 |      23 |       4 |  14.8
        D:2 |      36 |     183 |  83.6 |      13 |      25 |  65.8
        D:3 |     173 |       0 |   0.0 |      21 |       0 |   0.0
        D:4 |     457 |       0 |   0.0 |      12 |       0 |   0.0
        D:5 |     366 |     142 |  28.0 |      11 |       1 |   8.3
            +---------+---------+-------+---------+---------+-------
